 Dungeon Crawl Stone Soup version 0.29-a0-284-gf9362112df (webtiles) character file.

Game seed: 12752026685482043162

11 Zdeegee the Grave Robber (level 2, 0/22 HPs)
             Began as a Deep Dwarf Necromancer on Mar 26, 2022.
             Slain by a gnoll
             ... wielding a +0 spear
              (8 damage)
             ... on level 1 of the Dungeon.
             The game lasted 00:01:44 (323 turns).

Zdeegee the Grave Robber (Deep Dwarf Necromancer)    Turns: 323, Time: 00:01:45

Health: 0/22       AC:  2    Str: 11    XL:     2   Next: 13%
Magic:  2/4        EV: 12    Int: 15    God:
Gold:   14         SH:  0    Dex: 13    Spells: 3/4 levels left

rFire   . . .      SeeInvis .   c - +0 short sword
rCold   . . .      Faith    .   (no shield)
rNeg    . . .      Spirit   .   a - +0 robe
rPois   .          Reflect  .   (no helmet)
rElec   .          Harm     .   (no cloak)
rCorr   .          Rampage  .   (no gloves)
Will    .....                   (no boots)
Stlth   ++........              (no amulet)
HPRegen 0.00/turn               (no ring)
MPRegen 0.09/turn               (no ring)

@: no status effects
A: damage resistance, heal wounds, sense surroundings 1, no regeneration
a: Heal Wounds


You were on level 1 of the Dungeon.
You visited 1 branch of the dungeon, and saw 1 of its levels.

You collected 14 gold pieces.

Inventory:

Hand Weapons
 c - a +0 short sword (weapon)
Armour
 a - a +0 robe (worn)
Potions
 b - a potion of magic
 d - a potion of cancellation {unknown}


   Skills:
 * Level 0.4 Armour
 * Level 2.2 Dodging
 + Level 2.4 Stealth
 + Level 1.9 Spellcasting
 * Level 4.5 Necromancy
 * Level 1.1 Earth Magic


You had 3 spell levels left.
You knew the following spells:

 Your Spells              Type           Power      Damage    Failure   Level
a - Pain                  Necr           60%        1d7       3%          1

Your spell library contained the following spells:

 Spells                   Type           Power      Damage    Failure   Level
 Animate Skeleton         Necr           30%        N/A       3%          1
 Vampiric Draining        Necr           15%        2d7       11%         3
 Animate Dead             Necr           7%         N/A       34%         4
 Agony                    Necr           15%        N/A       67%         5


Dungeon Overview and Level Annotations

Branches:
Dungeon (1/15)

Altars:


Innate Abilities, Weirdness & Mutations

You are resistant to damage.
You can heal yourself by infusing magical energy.
You passively map a small area around you.
You do not regenerate.


Message History

The goblin attacks as you move away! The goblin hits you with a +0 club.
The goblin attacks as you move away! The goblin barely misses you.
The goblin attacks as you move away! The goblin barely misses you.
The goblin attacks as you move away! The goblin hits you but does no damage.
The goblin writhes in agony.
You kill the goblin!
Your Earth Magic skill increases to level 1!
The kobold throws a stone.
The stone misses you.
The kobold throws a stone.
The stone hits you but does no damage.
The kobold throws a stone.
The stone misses you.
The kobold throws a stone.
The stone hits you.
d - a lumpy blue potion A bat comes into view.
The bat moves out of view.
The kobold throws a stone.
The stone hits you.
A quokka comes into view.
The helpless quokka fails to defend itself.
You hit the quokka.
The quokka is almost dead.
The quokka bites you.
You hit the quokka.
You kill the quokka!
The kobold throws a stone.
The stone barely misses you. The kobold hits you but does no damage.
The kobold writhes in agony.
The gnoll hits you from afar with a +0 spear.
The kobold hits you but does no damage.
You are too injured to fight recklessly!
Casting: Pain (safe; 3% risk of failure)
Confirm with . or Enter, or press ? or * to list all spells.
You don't know that spell.
Casting: Pain (safe; 3% risk of failure)
Confirm with . or Enter, or press ? or * to list all spells.
Aiming: Pain (safe; 3% risk of failure)
Press: ? - help, Shift-Dir - straight line, f/p - kobold
Aim: a kobold, wielding a +0 whip and quivering stones (severely wounded, chance to affect: 85%)
The kobold writhes in agony.
You kill the kobold!
The gnoll hits you from afar with a +0 spear!
You die...

, ,. , #
####........... ..
*#.*#..+.......... ,
#.##.##.##.......####
,.....................
>,
*.##.#..#####.###.##
,#.....# #.# , , * **
###...# ###g# *, *
##+###...###.).# *, *
..........#..@### **
*, ,.........#...+ ,
,, ,, #..
........K#...# ** *
.............#..†# ,,
, #.........#..#...#,
...#+#.......##### ,
........###.###### ,,,
........#.......... ,
....?...#.#.######. ,


You could see a gnoll.

Vanquished Creatures
  2 bats (D:1)
  A goblin (D:1)
  4 kobolds (D:1)
  A quokka (D:1)
  A ball python (D:1)
  A frilled lizard (D:1)
  A rat (D:1)
11 creatures vanquished.

Notes
Turn   | Place    | Note
-------+----------+-------------------------------------------
     0 | D:1      | Zdeegee the Deep Dwarf Necromancer began the quest for the
                  | Orb.
     0 | D:1      | Reached XP level 1. HP: 15/15 MP: 3/3
   240 | D:1      | Reached XP level 2. HP: 17/22 MP: 1/4
   271 | D:1      | Reached skill level 1 in Earth Magic
   323 | D:1      | Slain by a gnoll

Illustrated notes

Levels and vault maps discovered:
D:1:      roderic_dead_forest, layout_basic, dilly_ecumenical_altar_fadedgnrine

Skill      XL: |  1  2 |
---------------+-------+-----
Earth Magic    | 1 |  1.1
Armour         | |  0.4
Dodging        | |  2.2
Stealth        | |  2.4
Spellcasting   | |  1.9
Necromancy     | |  4.5

Action                   || total
-------------------------++-------
Melee: Short sword       ||     6
 Cast: Pain              ||    15
 Stab: Sleeping          ||     1
Armor: Robe              ||    10
Dodge: Dodged            ||    20

Table legend: (Time is in decaauts)
 A = Elapsed time spent in this place.
 B = Non-inter-level travel time spent in this place.
 C = Inter-level travel time spent in this place.
 D = Time resting spent in this place.
 E = Time spent auto-exploring this place.
 F = Levels seen in this place.
 G = Mean time per level.
                   A        B        C        D        E       F      G
               +--------+--------+--------+--------+--------+-----+--------+
         Total |    323 |    323 |      0 |      0 |    171 |   1 |  323.0 |
       Dungeon |    323 |    323 |      0 |      0 |    171 |   1 |  323.0 |
               +--------+--------+--------+--------+--------+-----+--------+

Top non-repeatable levels by time:
     D:1: 323 daAuts
